 Dungeon Crawl Stone Soup version 0.31-a0-848-gaac375c287 (webtiles) character file.

Game seed: 17705846934602515752

372 kae the Cleaver (level 6, -3/51 HPs)
             Began as a Hill Orc Fighter on Oct 4, 2023.
             Slain by Grinder (4 damage)
             ... on level 4 of the Dungeon.
             The game lasted 00:03:11 (3501 turns).

kae the Cleaver (Hill Orc Fighter)                  Turns: 3501, Time: 00:03:11

Health: -3/51      AC:  6    Str: 18 (21) XL:     6   Next: 71%
Magic:  6/6        EV:  9    Int:  7 (8)  God:
Gold:   258        SH:  4    Dex:  9 (10) Spells: 5/5 levels left

rFire   . . .        a - +1 war axe
rCold   . . .        c - +0 buckler
rNeg    . . .        b - +0 scale mail
rPois   .            (no helmet)
rElec   .            (no cloak)
rCorr   .            (no gloves)
SInv    .            (no boots)
Will    .....        (no amulet) Stlth
                     (no ring)
HPRegen 0.28/turn    (no ring)
MPRegen 0.10/turn

%: no passive effects
@: no status effects
A: no striking features
a: no special abilities


You were on level 4 of the Dungeon.
You visited 1 branch of the dungeon, and saw 4 of its levels.

You collected 258 gold pieces.


   Skills:
 - Level 3.6 Fighting
 + Level 9.1 Axes
 - Level 3.2 Armour
 - Level 3.2 Shields


You had 5 spell levels left.
You didn't know any spells.
Your spell library contained the following spells:

 Spells                   Type           Power      Damage    Failure   Level
 Sandblast                Erth           0%         2d4       88%         1
 Animate Armour           Summ/Erth      0%         N/A       100%        4
 Borgnjor's Vile Clutch   Necr/Erth      0%         N/A       100%        5
 Lee's Rapid Deconstruct  Erth           0%         3d4*      100%        5

Inventory:

Hand Weapons
 a - a +1 war axe (weapon)
Missiles
 m - 11 poisoned darts
 p - 48 stones
 v - 6 boomerangs
Armour
 b - a +0 scale mail (worn)
 c - a +0 buckler (worn)
Magical Staves
 f - a staff of air {!a}
   (You found it on level 1 of the Dungeon)
Jewellery
 C - a ring of ice
   (You found it on level 1 of the Dungeon)
Scrolls
 g - 3 scrolls of teleportation {@r4}
 k - 5 scrolls of blinking {!r}
 n - a scroll of enchant weapon
 o - a scroll of torment {!r}
 r - a scroll of brand weapon {unknown}
 s - a scroll of identify {@r1}
Potions
 d - 2 potions of might
 e - a potion of lignification {!q}
 h - a potion of cancellation
 i - a potion of brilliance
 l - a potion of attraction {!q}
 q - a potion of degeneration {!q}

Dungeon Overview and Level Annotations

Branches:
Dungeon (4/15) Zot: 20418
 Temple: D:4-7

Altars:

Shops:
D:2 (

Annotations:
D:4 Grinder

.....#............#
########.#.#............#
.....# #...#............#
.....# ###..............#
.....# #..............#
.....# #...............
.....# #.#.##### .....#
#.......### .....#
#.#...5@..## # .....#
#######.#..###.# .....+
...##)....#
...################..####
...#.#.#...........>.#
....#.#....#.#########
..8.#8#.8..#.#
#...#.#...##.#
.###.#.###.#.#


You could see Grinder.


Message History

You slash Grinder! Grinder hits you!
You writhe in agony.
Grinder hits you.
You writhe in agony.
You are too injured to fight recklessly! 😮 HP[-20]
You take 20 damage, and now have 31/51 hp.
MASSIVE DAMAGE!! (PAUSE)
You slash Grinder! Grinder barely misses you. 😮 HP[+1]
You slash Grinder! Grinder hits you.
You writhe in agony.
* * * LOW HITPOINT WARNING * * *
Grinder gestures at you.
You suddenly lose the ability to move!
Grinder gestures at you. Pain shoots through your body!
* * * LOW HITPOINT WARNING * * *
Grinder blinks!
Grinder hits you.
* * * LOW HITPOINT WARNING * * *
You writhe in agony.
* * * LOW HITPOINT WARNING * * *
You can move again.
Grinder hits you.
* * * LOW HITPOINT WARNING * * *
😱 HP[-27]
You take 27 damage, and now have 5/51 hp.
MASSIVE DAMAGE!! (PAUSE) Grinder blinks!
Unknown command.
Okay, then.
As you read the scroll of teleportation {@r4}, it crumbles to dust.
You feel strangely unstable. 😱 HP[+1]
Your surroundings suddenly seem different.
You start resting.
You feel yourself speed up. 😱 HP[+4]
You regained 4 hp, and now have 10/51 hp.
You start resting.
You recover from your berserk rage. 😨 HP[+5]
You regained 5 hp, and now have 15/51 hp.
Unknown command.
p - 48 stones (gained 7) Key pressed, stopping explore.
Key pressed, stopping explore.
Unknown command. 😎 HP[+36]
Your hp is fully restored (51).
Found a stone staircase leading down.
There is a stone staircase leading down here.
g - 3 scrolls of teleportation {@r4} (gained 1)
Found an escape hatch in the ceiling.
You see here a +0 spear.
There is an escape hatch in the ceiling here.
Grinder shouts!
Grinder blinks!
Grinder is nearby!
Grinder is nearby!
Unknown command.
You closely miss Grinder. Grinder hits you!
You writhe in agony.
You slash Grinder! Grinder hits you.
You writhe in agony. 😮 HP[-20]
You take 20 damage, and now have 31/51 hp.
MASSIVE DAMAGE!! (PAUSE)
You slash Grinder! Grinder hits you.
You writhe in agony. 😮 HP[-3]
You take 3 damage, and now have 28/51 hp.
Unknown command.
You hit Grinder. Grinder hits you but does no damage.
Unknown command.
You slash Grinder! Grinder hits you.
* * * LOW HITPOINT WARNING * * *
You writhe in agony.
* * * LOW HITPOINT WARNING * * *
😨 HP[-7]
You take 7 damage, and now have 21/51 hp.
You barely miss Grinder. Grinder hits you!
* * * LOW HITPOINT WARNING * * *
You writhe in agony.
* * * LOW HITPOINT WARNING * * *
😱 HP[-11]
You take 11 damage, and now have 10/51 hp.
MASSIVE DAMAGE!! (PAUSE)
You hit Grinder. Grinder hits you but does no damage.
Grinder attacks as she pursues you! Grinder hits you but does no damage.
Grinder rolls her eyes. 😱 HP[+1] Grinder says, "I used to sell toenails on the black market."
There is an escape hatch in the ceiling here.
You closely miss Grinder. Grinder hits you.
* * * LOW HITPOINT WARNING * * *
You writhe in agony.
* * * LOW HITPOINT WARNING * * *
😱 HP[-2]
You take 2 damage, and now have 9/51 hp.
You closely miss Grinder. Grinder hits you!
* * * LOW HITPOINT WARNING * * *
You writhe in agony.
You die...
Grinder says, "Now the real fun starts!"

Skill      XL: |  1  2  3  4  5  6 |
---------------+-------------------+-----
Axes           | 3 4 5 7 8 9 |  9.1
Fighting       | |  3.6
Armour         | |  3.2
Shields        | |  3.2

Action                     |  1- 3 |  4- 6 || total
---------------------------+-------+-------++-------
  Melee: War axe           |    98 |   125 ||   223
    Use: Scroll            |     5 |     6 ||    11
         Potion            |       |     6 ||     6
 Armour: Scale mail        |    62 |   112 ||   174
         Skin              |       |    10 ||    10
  Dodge: Dodged            |    37 |    53 ||    90
  Block: Buckler           |    20 |    24 ||    44

Levels and vault maps discovered:
D:1:      kilobyte_arrival_exit_the_forest, layout_loops_corners
D:2:      layout_loops_ring, chequers_ecumenical_altar_simple, serial_shops,
          shop
D:3:      layout_basic, serial_undead, serial_undead_c, serial_undead_c,
          serial_undead_a, serial_undead_b, minmay_guardbox
D:4:      layout_basic, temple_green, nicolae_twisty_statue_hallways,
          uniq_menkaure, uniq_grinder

Notes
Turn   | Place    | Note
-------+----------+-------------------------------------------
     0 | D:1      | kae the Hill Orc Fighter began the quest for the Orb.
     0 | D:1      | Reached XP level 1. HP: 19/19 MP: 1/1
     0 | D:1      | magus.rc [v1.11.3]
    23 | D:1      | Reached skill level 3 in Axes
   104 | D:1      | Reached XP level 2. HP: 23/26 MP: 2/2
   187 | D:1      | Reached skill level 4 in Axes
   304 | D:1      | Reached XP level 3. HP: 31/31 MP: 3/3
   777 | D:1      | Reached skill level 5 in Axes
  1249 | D:2      | Found Goqe's Weapon Boutique.
  1773 | D:2      | Found a faded altar of an unknown god.
  1776 | D:2      | Reached XP level 4. HP: 39/39 MP: 4/4
  2293 | D:3      | Reached skill level 6 in Axes
  2313 | D:3      | HP: 7/39 [acid (3)]
  2315 | D:3      | Reached skill level 7 in Axes
  2315 | D:3      | Reached XP level 5. HP: 9/45 MP: 5/5
  2623 | D:3      | You add the spells Sandblast, Animate Armour, Lee's Rapid
                  | Deconstruction and Borgnjor's Vile Clutch to your library.
  2623 | D:3      | Got a disorganized book
  2803 | D:4      | Reached skill level 8 in Axes
  2803 | D:4      | Reached XP level 6. HP: 21/51 MP: 6/6
  3029 | D:4      | Noticed Menkaure
  3034 | D:4      | HP: 18/76 [Menkaure (4)]
  3037 | D:4      | HP: 2/76 [Menkaure (11)]
  3042 | D:4      | Killed Menkaure
  3043 | D:4      | Reached skill level 9 in Axes
  3245 | D:4      | Noticed Grinder
  3253 | D:4      | Paralysed by Grinder for 5 turns
  3257 | D:4      | HP: 11/51 [Grinder (4)]
  3258 | D:4      | HP: 5/51 [Grinder (4)]
  3494 | D:4      | HP: 10/51 [Grinder (4)]
  3500 | D:4      | HP: 10/51 [Grinder (2)]
  3501 | D:4      | HP: 1/51 [Grinder (8)]
  3501 | D:4      | Slain by Grinder

Vanquished Creatures
  Menkaure (D:4)
  A jelly (D:3)
  A hound (D:3)
  2 orc wizards
  A hound zombie (D:3)
  A gnoll (D:1)
  2 adders
  A worm (D:3)
  A dart slug (D:1)
  10 orcs
  10 ball pythons
  7 endoplasms
  2 giant cockroaches
  5 goblins
  8 hobgoblins
  3 jackals (D:3)
  6 quokkas
  7 bats
  6 frilled lizards
  6 kobolds
  A quokka skeleton (D:3)
  5 rats
87 creatures vanquished.

Table legend:
 A = Non-vault XP
 B = Vault XP
 C = Vault XP percentage of total XP
 D = Non-vault monster count
 E = Vault monster count
 F = Vault count percentage of total count
                 A         B        C        D         E       F
            +---------+---------+-------+---------+---------+-------
      Total |     272 |     260 |  48.9 |      72 |      15 |  17.2
            +---------+---------+-------+---------+---------+-------
        D:1 |      55 |       0 |   0.0 |      24 |       0 |   0.0
        D:2 |      32 |       0 |   0.0 |      19 |       0 |   0.0
        D:3 |     125 |      91 |  42.1 |      22 |      14 |  38.9
        D:4 |      60 |     169 |  73.8 |       7 |       1 |  12.5
            +---------+---------+-------+---------+---------+-------

Skill      XL: |  1  2  3  4  5  6 |
---------------+-------------------+-----
Axes           | 3 4 5 7 8 9 |  9.1
Fighting       | |  3.6
Armour         | |  3.2
Shields        | |  3.2

Action                     |  1- 3 |  4- 6 || total
---------------------------+-------+-------++-------
  Melee: War axe           |    98 |   125 ||   223
    Use: Scroll            |     5 |     6 ||    11
         Potion            |       |     6 ||     6
 Armour: Scale mail        |    62 |   112 ||   174
         Skin              |       |    10 ||    10
  Dodge: Dodged            |    37 |    53 ||    90
  Block: Buckler           |    20 |    24 ||    44

Illustrated notes

Table legend:
 A = Kills in this place as a percentage of kills in the entire game.
 B = Kills by you in this place as a percentage of kills by you in the entire game.
 C = Kills by friends in this place as a percentage of kills by friends in the entire game.
 D = Other kills in this place as a percentage of other kills in the entire game.
 E = Experience gained in this place as a percentage of experience gained in the entire game.
 F = Experience gained in this place divided by the number of levels of this place that you have seen.
                   A       B       C       D       E      F
               +-------+-------+-------+-------+-------+----------------------
         Total | 100.0 | 100.0 |   N/A |   N/A | 100.0 | 133.0
       Dungeon | 100.0 | 100.0 |   N/A |   N/A | 100.0 | 133.0
               +-------+-------+-------+-------+-------+----------------------

Table legend: (Time is in decaauts)
 A = Elapsed time spent in this place.
 B = Non-inter-level travel time spent in this place.
 C = Inter-level travel time spent in this place.
 D = Time resting spent in this place.
 E = Time spent auto-exploring this place.
 F = Levels seen in this place.
 G = Mean time per level.
                   A        B        C        D        E       F      G
               +--------+--------+--------+--------+--------+-----+--------+
         Total |   3580 |   3488 |     92 |    342 |   2610 |   4 |  895.0 |
       Dungeon |   3580 |   3488 |     92 |    342 |   2610 |   4 |  895.0 |
               +--------+--------+--------+--------+--------+-----+--------+

Top non-repeatable levels by time:
     D:1: 1207 daAuts
     D:3: 859 daAuts
     D:2: 784 daAuts
     D:4: 728 daAuts
